[Event "Titled Tuesday Blitz December 27 Early 2022"]
[White "Samunenkov, Ihor"]
[Black "Akylbekov, Nasyr"]
[WhiteFideId "14187086"]
[BlackFideId "13800353"]
[WhiteElo "2501"]
[BlackElo "2239"]
[Result "1-0"]
[Round "03"]
[TimeControl "180+2"]
[Date "2022.12.27"]
[WhiteClock "0:01:34"]
[BlackClock "0:01:06"]

1. d4 Nf6 2. Nf3 e6 3. c4 Bb4+ 4. Bd2 Qe7 5. g3 b6 6. Bg2 Bb7 7. O-O O-O 8. Bf4 d5 9. c5 bxc5 10. a3 Ba5 11. dxc5 c6 12. Bd6 Qd8 13. Bxf8 Qxf8 14. b4 Bc7 15. Nc3 Nbd7 16. e4 Ne5 17. exd5 exd5 18. Nd4 a5 19. Rb1 axb4 20. axb4 Nc4 21. b5 Qxc5 22. bxc6 Bxc6 23. Nxc6 Qxc6 24. Nxd5 1-0


[Site "https://www.chess.com"]

[Event "Titled Tuesday Blitz December 27 Early 2022"]
[White "Sanal, Vahap"]
[Black "Hirneise, Jens"]
[WhiteFideId "6300545"]
[BlackFideId "24614734"]
[WhiteElo "2600"]
[BlackElo "2277"]
[Result "1-0"]
[Round "03"]
[TimeControl "180+2"]
[Date "2022.12.27"]
[WhiteClock "0:00:09"]
[BlackClock "0:00:02"]

1. Nf3 d5 2. g3 Nc6 3. d4 g6 4. c4 e6 5. Bg2 Bg7 6. cxd5 exd5 7. O-O Nf6 8. Nc3 O-O 9. Ne5 Ne7 10. Bg5 h6 11. Bxf6 Bxf6 12. Qb3 c6 13. Rad1 Qb6 14. Qa3 Nf5 15. e3 Be7 16. Qb3 Qxb3 17. axb3 Nd6 18. Ra1 Bf5 19. Na4 Bc2 20. Nc5 h5 21. Rfc1 Bf5 22. b4 Rfc8 23. h4 Kg7 24. Kh2 f6 25. Nf3 Kf7 26. Nd2 a6 27. Na4 Rg8 28. Bh3 g5 29. Bxf5 Nxf5 30. hxg5 fxg5 31. Nc5 Nd6 32. Nf3 Bf6 33. Ne5+ Bxe5 34. dxe5 Nc4 35. Nxb7 Nxe5 36. Kg2 g4 37. Na5 Rg6 38. Rc2 Rb8 39. Rac1 Rb6 40. Rc3 Rh6 41. R1c2 Ke7 42. Nb3 Rxb4 43. Nd4 Kd7 44. Ra3 Rb6 45. b4 h4 46. gxh4 Rxh4 47. Rca2 Rxb4 48. Rxa6 Rc4 49. Ra7+ Kc8 50. Ne6 Nf3 51. Rc7+ Kb8 52. Rb2+ Ka8 53. Nf4 d4 54. Rcb7 dxe3 55. Rb8+ Ka7 56. R2b7+ Ka6 57. Rb3 Ka7 58. R8b7+ Ka8 59. fxe3 Ne5 60. Kg3 Rh8 61. R7b6 Ka7 62. Rb7+ Ka8 63. Rb1 Rc2 64. R7b6 Ka7 65. Rb7+ Ka8 66. Ne6 Ra2 67. Nc7# 1-0


[Site "https://www.chess.com"]

[Event "Titled Tuesday Blitz December 27 Early 2022"]
[White "Sanchez, Robert"]
[Black "Vlassov, Nikolai"]
[WhiteFideId "2034360"]
[BlackFideId "4103360"]
[WhiteElo "1966"]
[BlackElo "2283"]
[Result "0-1"]
[Round "03"]
[TimeControl "180+2"]
[Date "2022.12.27"]
[WhiteClock "0:00:05"]
[BlackClock "0:00:29"]

1. Nf3 c5 2. e4 d6 3. d4 cxd4 4. Nxd4 Nf6 5. Nc3 g6 6. Be3 a6 7. f3 Nbd7 8. Qd2 Qc7 9. O-O-O b5 10. g4 Bb7 11. Kb1 Ne5 12. g5 Nfd7 13. f4 Nc4 14. Bxc4 bxc4 15. Rhf1 Bg7 16. h4 O-O 17. h5 Nc5 18. hxg6 hxg6 19. Qg2 Rfb8 20. f5 Qb6 21. b3 cxb3 22. axb3 a5 23. f6 a4 24. fxg7 axb3 25. Nxb3 Qb4 26. Qh3 Ra1+ 27. Kxa1 Qxc3+ 28. Kb1 Qxg7 29. Bxc5 dxc5 30. Qd7 Bxe4 31. Qxe7 Rxb3+ 32. Kc1 Qb2+ 33. Kd2 Qxc2+ 34. Ke1 Re3# 0-1


[Site "https://www.chess.com"]

[Event "Titled Tuesday Blitz December 27 Early 2022"]
[White "Sankalan Shah"]
[Black "Toncheva, Nadya"]
[WhiteFideId "25600362"]
[BlackFideId "2924056"]
[WhiteElo "2179"]
[BlackElo "2295"]
[Result "0-1"]
[Round "03"]
[TimeControl "180+2"]
[Date "2022.12.27"]
[WhiteClock "0:00:02"]
[BlackClock "0:00:23"]

1. d4 d5 2. c4 dxc4 3. e3 Nf6 4. Bxc4 e6 5. Nf3 c5 6. O-O Nc6 7. Nc3 a6 8. a4 b6 9. b3 Qc7 10. Bb2 Bb7 11. Rc1 Rd8 12. Qe2 Nb4 13. dxc5 Bxc5 14. Rfd1 O-O 15. e4 Nd7 16. Rd2 Nb8 17. Rcd1 N8c6 18. h3 h6 19. e5 Rxd2 20. Rxd2 Rd8 21. Ne4 Bf8 22. Qd1 Rxd2 23. Qxd2 Na5 24. Bd3 Nxb3 25. Qe2 Nc1 26. Bxc1 Qxc1+ 27. Kh2 Nxd3 28. Qxd3 Qc6 29. Ned2 Qxa4 30. Qd8 Qb4 31. Nf1 Bxf3 32. gxf3 a5 33. Ne3 a4 34. Kg2 a3 35. Nc2 Qc5 36. Ne3 Qxe5 37. Nc4 Qg5+ 38. Kh1 Qxd8 0-1


[Site "https://www.chess.com"]

[Event "Titled Tuesday Blitz December 27 Early 2022"]
[White "Savic, Miroslav"]
[Black "Samsonkin, Artiom"]
[WhiteFideId "14508494"]
[BlackFideId "13503111"]
[WhiteElo "2167"]
[BlackElo "2420"]
[Result "0-1"]
[Round "03"]
[TimeControl "180+2"]
[Date "2022.12.27"]
[WhiteClock "0:00:01"]
[BlackClock "0:00:26"]

1. Nf3 Nf6 2. c4 e6 3. Nc3 d5 4. e4 Nxe4 5. Nxe4 dxe4 6. Ne5 Bd6 7. Qa4+ Nd7 8. d4 O-O 9. Nxd7 Bxd7 10. Qc2 c5 11. Be3 cxd4 12. Bxd4 Bc6 13. Qc3 f6 14. c5 Bc7 15. O-O-O Qe7 16. b4 Bd5 17. Bc4 Kh8 18. Rhe1 b6 19. f3 f5 20. Bg1 a5 21. Bxd5 exd5 22. b5 bxc5 23. Rxd5 Qf7 24. Rxc5 Bf4+ 25. Be3 Bxe3+ 26. Rxe3 Qxa2 27. Qc2 Qa1+ 28. Qb1 Qd4 29. Rcc3 Rac8 30. Qc2 Rcd8 31. Kb2 a4 32. Ka3 Qd6+ 0-1


[Site "https://www.chess.com"]

[Event "Titled Tuesday Blitz December 27 Early 2022"]
[White "Sharifov, Mekhriddin"]
[Black "Moroni, Luca Jr"]
[WhiteFideId "14701545"]
[BlackFideId "865834"]
[WhiteElo "2209"]
[BlackElo "2535"]
[Result "0-1"]
[Round "03"]
[TimeControl "180+2"]
[Date "2022.12.27"]
[WhiteClock "0:00:23"]
[BlackClock "0:00:23"]

1. e4 g6 2. d4 Bg7 3. Nc3 a6 4. a4 d6 5. f4 Nf6 6. Nf3 O-O 7. Bd3 Nc6 8. O-O e5 9. dxe5 dxe5 10. Qe1 Bg4 11. Qh4 Bxf3 12. Rxf3 Nh5 13. Qxd8 Raxd8 14. Nd5 exf4 15. Nxc7 Ne5 16. Rh3 Rd4 17. Nd5 f5 18. Ne7+ Kf7 19. Nxf5 gxf5 20. Rxh5 fxe4 21. Bxf4 exd3 22. Bxe5 Bxe5 23. Rxe5 dxc2 24. Ree1 Rc8 25. Kf2 Rb4 26. Rac1 b5 27. axb5 axb5 28. Ke3 Rxb2 29. Kd3 b4 30. Re2 b3 31. Rf1+ Kg8 32. Rc1 Rb1 33. Ree1 Rxc1 0-1


[Site "https://www.chess.com"]

[Event "Titled Tuesday Blitz December 27 Early 2022"]
[White "Sonis, Francesco"]
[Black "Bazarov, Konstantin"]
[WhiteFideId "895733"]
[BlackFideId "4137000"]
[WhiteElo "2554"]
[BlackElo "2235"]
[Result "1-0"]
[Round "03"]
[TimeControl "180+2"]
[Date "2022.12.27"]
[WhiteClock "0:00:16"]
[BlackClock "0:00:07"]

1. d4 Nf6 2. Nc3 d5 3. Bf4 c6 4. e3 Bf5 5. f3 h6 6. g4 Bg6 7. h4 e6 8. h5 Bh7 9. Bd3 Bxd3 10. Qxd3 Bd6 11. Nge2 Qc7 12. O-O-O Nbd7 13. Kb1 O-O-O 14. a3 Nb6 15. Ka2 Nc4 16. Bxd6 Nxd6 17. Nb1 Kb8 18. Rc1 c5 19. dxc5 Qxc5 20. Qd4 Qc6 21. Rhd1 Rhe8 22. b3 e5 23. Qc3 Qb6 24. Ng3 Rc8 25. Qd2 Red8 26. Nh1 e4 27. Qf2 exf3 28. Qxf3 Nde4 29. Ng3 Nxg3 30. Qxg3+ Qc7 31. Qf3 Qe5 32. Rd4 Rd7 33. Kb2 Rdc7 34. c3 Re7 35. Re1 Rce8 36. Nd2 Ka8 37. Nf1 Qg5 38. Red1 a6 39. Qf4 Qh4 40. a4 Re4 41. Rxe4 Rxe4 42. Qc7 Qf2+ 43. Kc1 Qa2 44. Nd2 Re8 45. a5 Rf8 46. Rf1 Re8 47. Rf4 Rf8 48. Rb4 Rb8 49. Qxf7 Qa1+ 50. Kc2 Qa2+ 51. Kd3 Qxa5 52. Qxg7 Ne8 53. Qd4 Nd6 54. Qb6 Qxb6 55. Rxb6 Nb5 56. Rxh6 Rg8 57. Rg6 Rh8 58. h6 Nc7 59. g5 Ne8 60. Re6 Nc7 61. Re7 Nb5 62. h7 Nd6 63. g6 Nf5 64. Rf7 Nh6 65. g7 Rxh7 66. g8=Q+ Nxg8 67. Rxh7 1-0


[Site "https://www.chess.com"]

[Event "Titled Tuesday Blitz December 27 Early 2022"]
[White "Sovetbekova, Nurai"]
[Black "Vargas, Mauricio"]
[WhiteFideId "13801910"]
[BlackFideId "4404572"]
[WhiteElo "1764"]
[BlackElo "2035"]
[Result "1-0"]
[Round "03"]
[TimeControl "180+2"]
[Date "2022.12.27"]
[WhiteClock "0:01:49"]
[BlackClock "0:00:05"]

1. d4 d5 2. c4 c6 3. Nf3 e6 4. g3 dxc4 5. Bg2 b5 6. O-O Bb7 7. a4 a6 8. b3 cxb3 9. Qxb3 Nd7 10. Rd1 Rb8 11. Ne5 Ngf6 12. Nxc6 Qb6 13. Nxb8 Nxb8 14. Bxb7 Qxb7 15. axb5 axb5 16. Nc3 Nc6 17. Qxb5 Qd7 18. Ra8+ Nd8 19. Qxd7+ Nxd7 20. Bf4 Be7 21. d5 O-O 22. d6 Bf6 23. Ne4 Nb6 24. Rb8 Bc3 25. Nxc3 1-0


[Site "https://www.chess.com"]

[Event "Titled Tuesday Blitz December 27 Early 2022"]
[White "Sreyas Payyappat"]
[Black "Rosh Jain"]
[WhiteFideId "46674969"]
[BlackFideId "25789465"]
[WhiteElo "2076"]
[BlackElo "2248"]
[Result "1-0"]
[Round "03"]
[TimeControl "180+2"]
[Date "2022.12.27"]
[WhiteClock "0:02:22"]
[BlackClock "0:00:52"]

1. e4 c5 2. Nf3 d6 3. d4 cxd4 4. Nxd4 Nf6 5. Nc3 a6 6. h4 e5 7. Nb3 Be7 8. Bg5 Be6 9. Bxf6 Bxf6 10. g3 Nc6 11. Qd2 h5 12. O-O-O Be7 13. Bh3 Qc7 14. f4 Qd7 15. f5 Bxb3 16. axb3 Nd4 17. f6 Ne6 18. fxe7 1-0


[Site "https://www.chess.com"]

[Event "Titled Tuesday Blitz December 27 Early 2022"]
[White "Stork, Oliver"]
[Black "Yaran, Siar"]
[WhiteFideId "12955728"]
[BlackFideId "6323006"]
[WhiteElo "2342"]
[BlackElo "2288"]
[Result "1-0"]
[Round "03"]
[TimeControl "180+2"]
[Date "2022.12.27"]
[WhiteClock "0:00:06"]
[BlackClock "0:00:03"]

1. d4 Nf6 2. Nf3 e6 3. c4 d5 4. Nc3 Be7 5. cxd5 exd5 6. Bg5 c6 7. e3 Bf5 8. Bd3 Bxd3 9. Qxd3 Nbd7 10. O-O O-O 11. Rab1 a5 12. a3 Re8 13. Na4 Ne4 14. Bxe7 Qxe7 15. Rfc1 g6 16. h3 Qf6 17. Qe2 Kg7 18. Nd2 Nd6 19. Qf3 Qe7 20. Nc5 Nf6 21. Nd3 Nfe4 22. Rc2 a4 23. Nc5 Nf6 24. b3 axb3 25. Rxb3 b5 26. Ra2 Ra7 27. Qd1 Rea8 28. Qa1 Nc4 29. a4 Nxd2 30. Rxd2 bxa4 31. Ra3 Ne4 32. Rc2 Nxc5 33. Rxc5 Ra6 34. Qc3 Qb7 35. g3 h5 36. Kg2 Qb6 37. Qc2 R8a7 38. h4 Qb4 39. Rac3 a3 40. Qa2 Rb7 41. Rxc6 Rxc6 42. Rxc6 Qb2 43. Qxd5 a2 44. Qe5+ Kh7 45. Rc8 f6 46. Qe8 1-0


[Site "https://www.chess.com"]

[Event "Titled Tuesday Blitz December 27 Early 2022"]
[White "Strahov, Andrej"]
[Black "Clawitter, Craig"]
[WhiteFideId "4165489"]
[BlackFideId "2023105"]
[WhiteElo "2398"]
[BlackElo "2050"]
[Result "1-0"]
[Round "03"]
[TimeControl "180+2"]
[Date "2022.12.27"]
[WhiteClock "0:00:48"]
[BlackClock "0:00:01"]

1. e4 e6 2. d4 d5 3. Nc3 Bb4 4. Ne2 dxe4 5. a3 Be7 6. Nxe4 Nf6 7. Nxf6+ Bxf6 8. g4 Nc6 9. Be3 e5 10. d5 Nd4 11. Nc3 O-O 12. Bg2 g6 13. O-O Bg7 14. h3 f5 15. gxf5 gxf5 16. Bxd4 exd4 17. Ne2 f4 18. f3 Qxd5 19. Qd2 Qg5 20. Kh2 c5 21. Rg1 Kh8 22. c3 Be6 23. Bf1 Qh4 24. cxd4 cxd4 25. Nxd4 Rad8 26. Rxg7 Kxg7 27. Nxe6+ Kh8 28. Qc3+ Rf6 29. Nxd8 Qg3+ 30. Kh1 Kg7 31. Rd1 1-0


[Site "https://www.chess.com"]

[Event "Titled Tuesday Blitz December 27 Early 2022"]
[White "Suleymanli, Suleyman"]
[Black "Quinones Garcia, Santiago"]
[WhiteFideId "13416375"]
[BlackFideId "4408497"]
[WhiteElo "2269"]
[BlackElo "2248"]
[Result "1-0"]
[Round "03"]
[TimeControl "180+2"]
[Date "2022.12.27"]
[WhiteClock "0:00:32"]
[BlackClock "0:00:03"]

1. Nf3 d5 2. g3 c6 3. Bg2 Bg4 4. O-O Nf6 5. h3 Bh5 6. d4 Nbd7 7. c4 e6 8. cxd5 cxd5 9. Qa4 Bd6 10. Bg5 O-O 11. Nc3 h6 12. Bf4 Bxf4 13. gxf4 Bxf3 14. Bxf3 a6 15. e3 b5 16. Qd1 Rc8 17. a3 Nb6 18. Kh2 Nc4 19. Qe2 Qa5 20. b4 Qc7 21. Rfc1 Qd6 22. Qd3 Nd7 23. Ne2 Ndb6 24. Ng3 Rc7 25. Nh5 Rfc8 26. Rg1 f5 27. Rg6 Nb2 28. Qb3 Rc3 29. Qxb2 Rc2 30. Qb3 Rxf2+ 31. Kg3 Rcc2 32. Rg1 Nc4 33. Rxg7+ Kh8 34. Rg6 Qf8 35. Nf6 Rxf3+ 36. Kh4 Nd2 37. Rg8+ Qxg8 38. Rxg8# 1-0


[Site "https://www.chess.com"]

[Event "Titled Tuesday Blitz December 27 Early 2022"]
[White "Szyszylo, Rafal"]
[Black "Santos Flores, Alberto"]
[WhiteFideId "1109626"]
[BlackFideId "3601234"]
[WhiteElo "2091"]
[BlackElo "2164"]
[Result "1-0"]
[Round "03"]
[TimeControl "180+2"]
[Date "2022.12.27"]
[WhiteClock "0:00:53"]
[BlackClock "0:01:35"]

1. e4 c5 2. Nf3 g6 3. c3 Bg7 4. d4 cxd4 5. cxd4 d5 6. Nc3 dxe4 7. Nxe4 Nd7 8. Be2 Ngf6 9. Nc3 O-O 10. O-O a6 11. Re1 b5 12. Bf4 Bb7 13. a3 Nb6 14. Be5 Rc8 15. Rc1 Nc4 16. Bxc4 Rxc4 17. h3 Qa8 18. Re3 Rfc8 19. Ra1 e6 20. Qd3 Nd5 21. Nxd5 Bxd5 22. Bxg7 Kxg7 23. Kh2 Qb8+ 24. g3 Rc1 25. Rxc1 Rxc1 26. Re1 Qc7 27. Qe3 Rc2 28. Re2 Rxe2 29. Qxe2 Qc2 30. Qxc2 1-0


[Site "https://www.chess.com"]

[Event "Titled Tuesday Blitz December 27 Early 2022"]
[White "Tactrics"]
[Black "Zubritskiy, Artyom"]
[BlackFideId "4181247"]
[WhiteElo "2976"]
[BlackElo "2442"]
[Result "1-0"]
[Round "03"]
[TimeControl "180+2"]
[Date "2022.12.27"]
[WhiteClock "0:01:23"]
[BlackClock "0:00:01"]

1. e4 c5 2. Nf3 Nf6 3. Nc3 Nc6 4. Bb5 e6 5. Bxc6 bxc6 6. d3 d5 7. O-O Be7 8. Rb1 O-O 9. Re1 Nd7 10. b3 Re8 11. Ba3 Nb6 12. Qd2 Qc7 13. e5 a5 14. Na4 Nxa4 15. bxa4 Ba6 16. Qc3 c4 17. Bxe7 Qxe7 18. d4 Qc7 19. Rb2 Reb8 20. Reb1 Rxb2 21. Rxb2 c5 22. h3 h6 23. dxc5 Qxc5 24. Nd4 Bc8 25. Rb5 Qc7 26. f4 Bd7 27. Rb1 Bxa4 28. Re1 Qc5 29. Kh1 Qb4 30. Qe3 Bd7 31. c3 Qa3 32. Rb1 Qxa2 33. Rb7 Be8 34. f5 exf5 35. e6 Qa3 36. Qe5 Qf8 37. e7 1-0


[Site "https://www.chess.com"]

[Event "Titled Tuesday Blitz December 27 Early 2022"]
[White "Tan, Zhongyi"]
[Black "Kazancev, Valerij M"]
[WhiteFideId "8603642"]
[BlackFideId "4179609"]
[WhiteElo "2517"]
[BlackElo "2313"]
[Result "1-0"]
[Round "03"]
[TimeControl "180+2"]
[Date "2022.12.27"]
[WhiteClock "0:00:01"]
[BlackClock "0:00:01"]

1. d4 g6 2. e4 Bg7 3. Nc3 e6 4. h4 Ne7 5. h5 d5 6. h6 Bf8 7. Bg5 c6 8. Qd2 Nd7 9. O-O-O f6 10. Be3 g5 11. Be2 Ng6 12. Bh5 Bb4 13. exd5 cxd5 14. Nge2 O-O 15. a3 Bd6 16. f4 gxf4 17. Nxf4 Bxf4 18. Bxf4 Nb6 19. b3 Kh8 20. g4 Rg8 21. Bg3 Qe7 22. Kb2 Bd7 23. Rhf1 Rac8 24. Rde1 a5 25. Qf2 Rgf8 26. Bxg6 hxg6 27. g5 Rxc3 28. Kxc3 Qxa3 29. Kd2 Kh7 30. Re3 Qb4+ 31. Kc1 Qxd4 32. Kb1 a4 33. Bd6 Rf7 34. Rf3 Qxf2 35. R1xf2 f5 36. Bc5 Nc8 37. Kb2 e5 38. Rd3 Bc6 39. c3 axb3 40. Kxb3 f4 41. Ra2 f3 42. Ra8 f2 43. Bxf2 Nd6 44. Bc5 Ne4 45. Bb4 Nxg5 46. Rf8 Rxf8 47. Bxf8 Ne6 48. Bd6 e4 49. Rh3 g5 50. Rh1 Nf4 51. Kc2 Nd3 52. Bf8 g4 53. Rf1 Ne5 54. Rf5 1-0


[Site "https://www.chess.com"]

[Event "Titled Tuesday Blitz December 27 Early 2022"]
[White "Tanenbaum, Zachary"]
[Black "Forgacs, Attila Jr."]
[WhiteFideId "2060850"]
[BlackFideId "773654"]
[WhiteElo "2261"]
[BlackElo "2264"]
[Result "0-1"]
[Round "03"]
[TimeControl "180+2"]
[Date "2022.12.27"]
[WhiteClock "0:00:53"]
[BlackClock "0:01:39"]

1. e4 e5 2. Nf3 Nc6 3. Bc4 Nf6 4. d3 h6 5. Nbd2 d6 6. a4 g5 7. Nf1 Bg7 8. Ne3 O-O 9. h4 g4 10. Nh2 h5 11. f3 Nxe4 12. fxe4 Qxh4+ 13. Kd2 Bh6 14. Qe1 g3 15. Nf3 Bxe3+ 16. Kxe3 Qf4+ 17. Ke2 Qg4 18. Rh3 Nd4+ 19. Kf1 Qxf3+ 20. gxf3 Bxh3+ 21. Kg1 Nxf3+ 22. Kh1 g2# 0-1


[Site "https://www.chess.com"]

[Event "Titled Tuesday Blitz December 27 Early 2022"]
[White "Tarnowska, Aleksandra"]
[Black "Musovic, Armin"]
[WhiteFideId "1180967"]
[BlackFideId "939935"]
[WhiteElo "1835"]
[BlackElo "2261"]
[Result "1/2-1/2"]
[Round "03"]
[TimeControl "180+2"]
[Date "2022.12.27"]
[WhiteClock "0:00:04"]
[BlackClock "0:00:25"]

1. e4 c6 2. d4 d5 3. Nc3 dxe4 4. Nxe4 Nf6 5. Nxf6+ exf6 6. Be3 Na6 7. Nf3 Nb4 8. Bc4 Bf5 9. Bb3 Bd6 10. Qd2 O-O 11. O-O Re8 12. c3 Nd5 13. Bxd5 cxd5 14. Bf4 Bf8 15. Rfe1 Be4 16. Re2 Qa5 17. a3 Re6 18. Rae1 Qb5 19. Bg3 Rae8 20. h3 h6 21. Nh2 a5 22. Ng4 a4 23. f3 Bg6 24. Rxe6 Rxe6 25. Rxe6 fxe6 26. Ne3 Qb3 27. Qd1 Qxb2 28. Qxa4 Qc1+ 29. Nd1 Bc2 30. Qe8 Qxd1+ 31. Kh2 Qe2 32. Bd6 Kh7 33. Bxf8 Qd3 34. Qe7 Qg6 35. Qxb7 Bd3 36. a4 Bf1 37. Qb2 e5 38. dxe5 fxe5 39. a5 e4 40. fxe4 dxe4 41. Bc5 Qf5 42. Be3 Bd3 43. a6 Bxa6 44. Qd2 Bd3 45. Qf2 Qe5+ 46. Qf4 Qe6 47. Kg3 g5 48. Qg4 Qe5+ 49. Kf2 Kg6 50. h4 Qxc3 51. hxg5 Qc2+ 52. Kg3 Qc7+ 53. Kh3 hxg5 54. Qxg5+ Kf7 55. Qf5+ Ke8 56. Qe6+ Qe7 57. Qxe7+ Kxe7 58. Kg4 Kf7 59. Kf4 Kg6 60. g4 Kf6 61. g5+ Kg6 62. Kg4 Be2+ 63. Kf4 Bf3 64. Bd4 Kh5 65. Be3 Kg6 66. Bd4 Kf7 67. Be3 Ke6 68. Bd4 Kd5 69. Be3 Bh5 70. Kf5 Be8 71. Kf6 Kc4 72. g6 Bxg6 73. Kxg6 Kd3 74. Bh6 Ke2 75. Kf5 Kf3 76. Ke5 e3 77. Bxe3 1/2-1/2


[Site "https://www.chess.com"]

[Event "Titled Tuesday Blitz December 27 Early 2022"]
[White "Tharushi, T H D Niklesha"]
[Black "Vifleemskaia, Svetlana"]
[WhiteFideId "9918264"]
[BlackFideId "4129490"]
[WhiteElo "1570"]
[BlackElo "1971"]
[Result "0-1"]
[Round "03"]
[TimeControl "180+2"]
[Date "2022.12.27"]
[WhiteClock "0:02:13"]
[BlackClock "0:02:37"]

1. e4 e5 2. Nf3 Nc6 3. Bc4 Nf6 4. Ng5 d5 5. exd5 Na5 6. Bb5+ c6 7. dxc6 bxc6 8. Bd3 Ng4 9. Nf3 Bd6 10. O-O f5 11. h3 Nf6 12. Re1 e4 13. Nd4 O-O 14. Be2 Bc7 15. b4 Qxd4 16. c3 Qe5 17. bxa5 Qh2+ 18. Kf1 Qh1# 0-1


[Site "https://www.chess.com"]

[Event "Titled Tuesday Blitz December 27 Early 2022"]
[White "Thomforde-Toates, Noah"]
[Black "Baches Garcia, Guillermo"]
[WhiteFideId "30951992"]
[BlackFideId "2209764"]
[WhiteElo "2124"]
[BlackElo "2327"]
[Result "1/2-1/2"]
[Round "03"]
[TimeControl "180+2"]
[Date "2022.12.27"]
[WhiteClock "0:00:40"]
[BlackClock "0:00:16"]

1. d4 Nf6 2. Nc3 e6 3. Bf4 d5 4. e3 a6 5. Nf3 c5 6. dxc5 Bxc5 7. Bd3 Nc6 8. O-O O-O 9. e4 h6 10. exd5 exd5 11. h3 Be6 12. Qd2 Nb4 13. Rad1 Nxd3 14. Qxd3 Rc8 15. Be3 Bd6 16. Ne2 Qa5 17. a3 Qa4 18. c3 Qc4 19. Qxc4 Rxc4 20. Nfd4 Ne4 21. f3 Ng3 22. Rfe1 Nxe2+ 23. Rxe2 Rfc8 24. Bf2 Bd7 25. g4 Bc5 26. Kg2 Bxd4 27. Bxd4 R4c6 28. Re7 Rd8 29. Rde1 Re6 30. R1xe6 Bxe6 31. Rxb7 Ra8 32. b4 Kf8 33. a4 g6 34. Kg3 h5 35. Kf4 hxg4 36. hxg4 Ke8 37. Bf6 Bd7 38. Ke5 Bxa4 39. Kxd5 Rc8 40. Rb6 Bb5 41. Kd6 Ra8 42. g5 Rc8 43. f4 Ra8 44. Rb7 Rc8 45. Ra7 Bc4 46. Re7+ Kf8 47. Re1 Bb5 48. Rh1 Rc6+ 49. Kd5 Ke8 50. Rh8+ Kd7 51. Rd8+ Kc7 52. Rf8 Bc4+ 53. Ke5 Be6 54. Kd4 Rc4+ 55. Ke3 Kb7 56. Bd4 Rc8 57. Rxc8 Kxc8 58. Ke4 Kb7 59. Ke5 Bb3 60. Kd6 Be6 61. Kc5 Bf5 62. Bf6 Be6 63. c4 Bf5 64. Kd4 Be6 65. Kc5 Bf5 66. Be5 Be6 67. Bd4 Bf5 68. Kd6 Be6 69. c5 Bc4 70. c6+ Kc8 71. Be5 Be6 72. Kc5 Ba2 73. Bd4 Bb3 74. Be3 Ba2 75. Bd4 Bb3 76. Bf6 Ba2 77. Be5 Bb3 78. Kd6 Ba2 79. Bd4 Bb3 80. Bb6 Ba2 81. Ba5 Bb3 82. Kc5 Ba2 83. Kb6 Bc4 84. Ka7 Be2 85. Kb6 Bd3 86. Kc5 Be2 87. Kd4 Bf1 88. Ke5 Bc4 89. Kd6 Bf1 90. Bb6 Be2 91. Bd4 Bf1 92. f5 gxf5 93. Ke7 Bc4 94. Be5 Bb3 95. Kf6 Bc4 96. Bf4 Bb3 97. Ke5 Bc4 98. Kd4 Bf1 99. Kd5 Be2 100. Kd6 Bf1 101. Kc5 Be2 102. Kb6 Bf1 103. Kc5 Be2 104. Kd5 Bf1 105. Ke5 Be2 106. Kxf5 Bd3+ 107. Kf6 Bc4 108. Ke7 Bb3 109. Be5 Ba2 110. Kd6 Bb3 111. Kc5 Ba2 112. Kb6 Bc4 113. Bd4 Bf1 114. Bc5 Be2 115. Bd6 Bf1 116. Bf4 Be2 117. b5 axb5 118. Kc5 b4 119. Kxb4 Bf3 120. Kc5 Be2 121. Kd6 Bc4 122. Bg3 Bb3 123. Ke7 Bc4 124. Kf8 Bb3 125. c7 Bc4 126. Kg7 Bb3 127. Kf6 Bc4 128. Bf4 Bb3 129. Be5 Bc4 130. g6 fxg6 131. Kxg6 Ba6 132. Kf6 Bb7 133. Kg5 Ba8 134. Kf4 Bb7 135. Kg5 Ba8 136. Kf6 Bb7 137. Ke7 Ba8 138. Kd6 Bb7 139. Bf4 Bg2 140. Be5 Bf1 141. Bf4 Bg2 142. Be5 Bf1 143. Bf4 Bg2 1/2-1/2


[Site "https://www.chess.com"]

[Event "Titled Tuesday Blitz December 27 Early 2022"]
[White "Tikhonov, Viacheslav"]
[Black "Barbashin, Igor"]
[WhiteFideId "44196407"]
[BlackFideId "4155718"]
[WhiteElo "2220"]
[BlackElo "2169"]
[Result "1-0"]
[Round "03"]
[TimeControl "180+2"]
[Date "2022.12.27"]
[WhiteClock "0:00:38"]
[BlackClock "0:00:18"]

1. e4 d5 2. exd5 Nf6 3. Nc3 Nxd5 4. Nxd5 Qxd5 5. Qf3 e6 6. Bd3 Nc6 7. Be4 Qd6 8. c3 Ne5 9. Qe2 c5 10. Nf3 Nc6 11. O-O Be7 12. Rd1 O-O 13. d4 cxd4 14. Nxd4 Nxd4 15. Rxd4 Qc5 16. Be3 Qc7 17. Bf4 Qb6 18. Rad1 f5 19. Bb1 Bf6 20. Rd6 Qa5 21. b4 Qa3 22. Be5 Bxe5 23. Qxe5 b6 24. h4 a5 25. Rxb6 axb4 26. cxb4 Ra7 27. Rb8 Re7 28. h5 Qb2 29. Qxb2 1-0


[Site "https://www.chess.com"]

[Event "Titled Tuesday Blitz December 27 Early 2022"]
[White "Tinmaz, Kerem"]
[Black "Eggleston, Thomas A"]
[WhiteFideId "44559151"]
[BlackFideId "412139"]
[WhiteElo "2177"]
[BlackElo "2215"]
[Result "0-1"]
[Round "03"]
[TimeControl "180+2"]
[Date "2022.12.27"]
[WhiteClock "0:00:05"]
[BlackClock "0:01:09"]

1. e4 e6 2. d4 d5 3. Nd2 c5 4. Ngf3 Nf6 5. e5 Nfd7 6. c3 Nc6 7. Bd3 Be7 8. O-O g5 9. Nb1 g4 10. Ne1 cxd4 11. Qxg4 Ndxe5 12. Qh5 Nxd3 13. Nxd3 dxc3 14. Nxc3 Bd7 15. f4 Qb6+ 16. Kh1 O-O-O 17. Ne5 Be8 18. Qh6 f6 19. Ng4 d4 20. Na4 Qa6 21. Re1 Qxa4 22. Nxf6 Bb4 23. Rg1 Bg6 0-1


[Site "https://www.chess.com"]

[Event "Titled Tuesday Blitz December 27 Early 2022"]
[White "Tomb, Maroun"]
[Black "Alice, Mateus Felizardo Viageiro"]
[WhiteFideId "5300398"]
[BlackFideId "14800047"]
[WhiteElo "2090"]
[BlackElo "2202"]
[Result "1-0"]
[Round "03"]
[TimeControl "180+2"]
[Date "2022.12.27"]
[WhiteClock "0:01:50"]
[BlackClock "0:01:46"]

1. e4 c5 2. Ne2 d6 3. g3 Nf6 4. Bg2 e6 5. c3 Be7 6. d4 cxd4 7. cxd4 O-O 8. Nbc3 a6 9. O-O Nc6 10. h3 Qc7 11. Be3 Na5 12. b3 Qd8 13. Rc1 d5 14. e5 Nd7 15. f4 f5 16. g4 b5 17. Nxd5 Rb8 18. Nxe7+ Qxe7 19. Qd2 b4 20. d5 fxg4 21. dxe6 gxh3 22. Bxh3 1-0


[Site "https://www.chess.com"]

[Event "Titled Tuesday Blitz December 27 Early 2022"]
[White "Torres Dominguez, David"]
[Black "Silva, Miguel Antonio Neto"]
[WhiteFideId "2220857"]
[BlackFideId "1911929"]
[WhiteElo "1994"]
[BlackElo "2204"]
[Result "0-1"]
[Round "03"]
[TimeControl "180+2"]
[Date "2022.12.27"]
[WhiteClock "0:00:03"]
[BlackClock "0:00:12"]

1. e4 e6 2. d4 d5 3. exd5 exd5 4. Bd3 Bd6 5. Qf3 Ne7 6. Bf4 c6 7. Ne2 Ng6 8. Bxg6 hxg6 9. Bxd6 Qxd6 10. Nd2 Bf5 11. O-O-O Nd7 12. Ng3 Be6 13. h3 O-O-O 14. Rhe1 Rh4 15. Nb3 Rdh8 16. Rd2 Kc7 17. Kb1 Qf4 18. Qd3 Qd6 19. Rde2 Re8 20. Nf1 Bf5 21. Qd2 Rhe4 22. Ne3 Be6 23. f3 Rh4 24. a3 b6 25. Nc1 Nf6 26. Ng4 Rd8 27. Ne5 Bc8 28. Nxf7 Qf4 29. Qxf4+ Rxf4 30. Nxd8 Kxd8 31. Re7 Rxd4 32. Rxa7 Rd2 33. Re2 Rd1 34. c3 Bf5+ 35. Ka2 Rxc1 36. Rxg7 d4 37. Ree7 dxc3 38. Ra7 Be6+ 39. b3 Rc2+ 40. Kb1 Rb2+ 41. Kc1 Ne8 42. Ra8+ Bc8 43. Rg8 Rxb3 44. Rxe8+ Kxe8 45. Rxc8+ Kd7 46. Rg8 Rxa3 47. Rg7+ Kd6 48. Rxg6+ Kc5 49. h4 Kc4 50. Kc2 Ra2+ 51. Kb1 Rb2+ 52. Kc1 c5 53. h5 Kb3 54. Rxb6+ Ka2 0-1


[Site "https://www.chess.com"]